 Dungeon Crawl Stone Soup version 0.18-a0-373-gaf408bd (webtiles) character file.

137 FishmanTm the Insei (level 5, 0/37 HPs)
             Began as a Merfolk Transmuter on Nov 29, 2015.
             Slain by a hobgoblin
             ... wielding a +0 club
              (3 damage)
             ... on level 3 of the Dungeon.
             The game lasted 00:06:27 (3129 turns).

FishmanTm the Insei (Merfolk Transmuter)            Turns: 3129, Time: 00:06:27

Health: 0/37       AC:  2    Str: 10    XL:     5   Next: 20%
Magic:  4/8        EV: 21    Int: 13    God:
Gold:   80         SH:  0    Dex: 20    Spells: 3 memorised, 2 levels left

rFire  . . .     SeeInvis .       - Unarmed
rCold  . . .     Clarity  .     (armour currently unavailable)
rNeg   . . .     SustAt   .     (shield currently unavailable)
rPois  x         Gourm    .     (helmet currently unavailable)
rElec  .         Spirit   .     (cloak currently unavailable)
rCorr  .         Warding  .     (gloves currently unavailable)
rMut   .         Stasis   .     (boots currently unavailable)
MR     .....                    (no amulet)
Stlth  ++........               (no ring)
                                (no ring)

@: spider-form, not resistant to hostile enchantments, unstealthy
A: (change form in water), (swift swim)
a: End Transformation


You were on level 3 of the Dungeon.
You were not hungry.
You were a venomous arachnid creature.
You visited 1 branch of the dungeon, and saw 3 of its levels.

You collected 80 gold pieces.

Inventory:

Missiles
 a - 94 arrows
 e - 6 arrows of dispersal
Armour
 b - a +0 robe (melded)
Jewellery
 g - an uncursed amulet of warding {unknown}
 j - a +2 ring of evasion {unknown}
Scrolls
 h - a scroll of teleportation {unknown}
 k - a scroll of noise {unknown}
 m - a scroll of amnesia {unknown}
 o - a scroll of random uselessness {unknown}
 p - 2 scrolls of fog {unknown}
 q - 3 scrolls of remove curse {unknown}
Potions
 f - a potion of ambrosia {unknown}
 i - a potion of curing {unknown}
 r - 2 potions of might {unknown}
 s - a potion of haste {unknown}
Books
 c - a book of Changes

   Spells                             Type                      Level
   a - Beastly Appendage              Transmutation                1
   b - Sticks to Snakes               Transmutation                2
   c - Spider Form                    Transmutation/Poison         3
   d - Ice Form                       Ice/Transmutation            4
   e - Blade Hands                    Transmutation                5
Comestibles
 d - a bread ration
 l - a meat ration
 n - 3 fruits
 t - 8 chunks of flesh


   Skills:
 - Level 1.1 Fighting
 - Level 2.6 Dodging
 + Level 5.1 Unarmed Combat
 - Level 2.0 Spellcasting
 - Level 5.0 Transmutations


You had 2 spell levels left.
You knew the following spells:

 Your Spells              Type           Power        Failure   Level  Hunger
a - Beastly Appendage     Trmt           ##....       12%         1    ##.....
b - Sticks to Snakes      Trmt           ##......     17%         2    ###....
c - Spider Form           Trmt/Pois      #.........   50%         3    ####...


Dungeon Overview and Level Annotations

Branches:
Dungeon (3/15)

Altars:
Ru

Annotations:
D:3 Ijyb


Message History

Your transformation is almost over.
Ijyb zaps a wand.
The bolt of cold hits you!
* * * LOW HITPOINT WARNING * * *
Ijyb zaps a wand.
The bolt of cold misses you.
Unknown command.
Your transformation has ended.
Your +0 robe unmelds from your body.
Casting: Spider Form
Confirm with . or Enter, or press ? or * to list all spells.
You turn into a venomous arachnid creature.
Your +0 robe melds into your body.
Unknown command.
You hit the hobgoblin but do no damage.
The hobgoblin is poisoned.
Ijyb zaps a wand.
The bolt of cold misses you. The hobgoblin misses you.
Unknown command.
You hit the hobgoblin.
The hobgoblin looks even sicker.
The hobgoblin is severely wounded.
Ijyb zaps a wand.
The bolt of cold misses you. The hobgoblin hits you with a club.
You die...

### #.... #.....#########
#.............####
##...#..gs....(...#
.....>#######g##.# ####
#.....# #.##.# #...
###.....######.##.#####.##
........g...............(.
##.....######.##.##.##.#.
#.....# #.##...#.....
###.#.# #.###.###....
#.#g# #.# ##.#.....


You could see Ijyb and a hobgoblin.

Vanquished Creatures
  An orc wizard (D:3)
  Jessica (D:2)
  An adder (D:3)
  A gnoll (D:2)
  An ooze (D:1)
  2 giant geckos (D:2)
  4 orcs (D:3)
  2 ball pythons
  7 bats
  2 giant cockroaches (D:1)
  7 hobgoblins
  3 jackals (D:2)
  3 kobolds
  A quokka (D:3)
  3 giant newts
  6 goblins
  2 rats (D:2)
47 creatures vanquished.

Vanquished Creatures (collateral kills)
  A worm (D:2)
  A giant gecko (D:2)
  A giant cockroach (D:2)
  A hobgoblin (D:1)
  A kobold (D:2)
5 creatures vanquished.

Grand Total: 52 creatures vanquished

Notes
Turn   | Place    | Note
--------------------------------------------------------------
     0 | D:1      | FishmanTm the Merfolk Transmuter began the quest for the Orb.
     0 | D:1      | Reached XP level 1. HP: 15/15 MP: 3/3
   153 | D:1      | Reached XP level 2. HP: 19/21 MP: 3/5
   157 | D:1      | Learned a level 2 spell: Sticks to Snakes
   223 | D:1      | Reached skill level 4 in Unarmed Combat
  1099 | D:2      | Reached XP level 3. HP: 9/26 MP: 3/6
  1104 | D:2      | Learned a level 3 spell: Spider Form
  2188 | D:2      | Noticed Jessica
  2198 | D:2      | Killed Jessica
  2198 | D:2      | Reached XP level 4. HP: 32/32 MP: 3/7
  2616 | D:2      | Noticed a gnoll sergeant
  2631 | D:3      | Found a sacrificial altar of Ru.
  2883 | D:3      | Reached skill level 5 in Transmutations
  2956 | D:3      | Reached skill level 5 in Unarmed Combat
  2956 | D:3      | Reached XP level 5. HP: 24/37 MP: 2/8
  3110 | D:3      | Noticed Ijyb
  3129 | D:3      | Slain by a hobgoblin

Vault maps used:
D:1:      dpeg_arrival_tiny_d
D:2:      uniq_jessica
D:3:      grunt_temple_overflow_magic_moments, lemuel_round_altar, first_bread,
          uniq_iyjb

Action                   |  1- 3 |  4- 6 || total
-------------------------+-------+-------++-------
Melee: Unarmed           |   125 |    54 ||   179
 Cast: Beastly Appendage |    24 |     3 ||    27
       Sticks to Snakes  |     3 |     3 ||     6
       Spider Form       |     1 |     8 ||     9
 Stab: Sleeping          |     2 |       ||     2
  Eat: Chunk             |     5 |     5 ||    10
